 Dungeon Crawl Stone Soup version 0.13.0-3-g966e3ec (webtiles) character file.

788 Leibowitz the Ducker (level 7, -8/44 HPs)
             Began as a Kobold Fighter on Oct 14, 2013.
             Killed from afar by Dowan (15 damage)
             ... with a shard of ice
             ... on Level 5 of the Dungeon.
             The game lasted 00:17:28 (3989 turns).

Leibowitz the Ducker (Kobold Fighter)               Turns: 3989, Time: 00:17:28

HP  -8/44        AC  7     Str 15      XL: 7   Next: 72%
MP   6/6         EV 16     Int  6      God:
Gold 177         SH 13     Dex 17      Spells:  0 memorised,  6 levels left

Res.Fire  : . . .   See Invis. : .   t - +3,+2 dwarf dagger (chaos)
Res.Cold  : . . .   Warding    : .   n - +0 leather armour
Life Prot.: . . .   Conserve   : .   h - +1 elf buckler
Res.Poison: .       Res.Corr.  : .   j - +0 helmet
Res.Elec. : .       Clarity    : .   x - +1 elf cloak
Sust.Abil.: . .     Spirit.Shd : .   e - +0 pair of gauntlets
Res.Mut.  : .       Stasis     : .   (no boots)
Res.Rott. : .       Flight     : .   (no amulet)
Saprovore : + + .                    (no ring)
                                     (no ring)

@: slightly resistant to hostile enchantments, quite stealthy
A: disease resistance, carnivore 3, saprovore 2
a: no special abilities


You were on level 5 of the Dungeon.
You were very full.

You visited 1 branch of the dungeon, and saw 5 of its levels.

You collected 157 gold pieces.

Inventory:

Hand weapons
 a - a +4,+2 elven dagger
 b - a +1 blowgun
 g - a +0,+1 dwarven dagger (quivered)
 l - a +0,+0 short sword
 t - a +3,+2 dwarven dagger of chaos (weapon)
Missiles
 z - 9 poisoned needles
Armour
 e - a +0 pair of gauntlets (worn)
 h - a +1 elven buckler (worn)
 j - a +0 helmet (worn)
 n - a +0 leather armour (worn)
 x - a +1 elven cloak (worn)
Magical devices
 r - a wand of paralysis (0)
 w - a wand of frost (9)
Comestibles
 d - a meat ration
 m - a beef jerky
 o - a cheese
Scrolls
 c - 3 scrolls of identify {unknown}
 k - 2 scrolls of teleportation {unknown}
 p - a scroll of remove curse {unknown}
 s - a scroll of curse armour {unknown}
 v - 4 scrolls of random uselessness {unknown}
Potions
 f - a potion of brilliance
 i - a potion of agility
 q - 3 potions of curing


   Skills:
 * Level 4.6 Fighting
 + Level 4.1 Short Blades
 - Level 2.4 Armour
 * Level 6.0 Dodging
 * Level 3.9 Stealth
 * Level 3.4 Shields
 + Level 0.6 Evocations


You had 6 spell levels left.
You didn't know any spells.

Dungeon Overview and Level Annotations

Branches:
Dungeon (5/27)
 Temple: D:4-7

Altars:
Xom

Annotations:
D:2 1 exclusion
D:4 eimernase's ghost, average DsTm
D:5 Dowan


Innate Abilities, Weirdness & Mutations

You recuperate from illness quickly.
You are small and have problems with some larger weapons.
You are carnivorous and can eat meat at any time.
You can eat rotten meat.


Message History

Dowan hits you but does no damage.
You hit Dowan.
Dowan's magic leaks into the air.
Dowan is severely wounded.
Dowan barely misses you.
You miss Dowan.
Dowan is severely wounded.
Dowan hits you with an elven dagger.
* * * LOW HITPOINT WARNING * * *
Dowan barely misses you.
You barely miss Dowan.
Dowan is severely wounded.
You block Dowan's attack.
You hit Dowan.
Nothing appears to happen.
Dowan is almost dead.
You block Dowan's attack.
You closely miss Dowan.
Dowan is almost dead.
Dowan gestures at you while chanting. The shard of ice hits you!
You die...

####...#### #.#
#.###^#^#.###
....(...########.#
#.###...#....
###...(.(((..(##.#
#...'._.')### *
#.....#####(##.#
#.###...#.### *
#.(..## #.##.# #.#
#^#^#.#.. * #?#(##
#)##.##
#.###.#.#.#.#
**#.#.# #.....#
#...#####...#
,>....#** ####e.#
####.........
*##....,* #@.#
##.#...).. *##.#,*
#..# #.#.#.###
#.#,* ****#..#
#........ *,*,*
*,,,...# ###.#.###
*,*,* *,*###.#
#....# *,*,* *,*
**.#***** #..###
*****,*,* *,,
,*..,,,,* #..#
,,,,,,,,**
****,*##** ,*
#..#****
*****,,,,* *,* *,*
#,,,,,,,


You could see Dowan.

Vanquished Creatures
  An ice beast (D:5)
  2 ogres (D:5)
  Duvessa (D:5)
  4 crimson imps (D:5)
  A giant frog skeleton (D:5)
  Jessica (D:3)
  An adder (D:5)
  A worm (D:3)
  4 giant geckos
  An ooze (D:3)
  An orc (D:3)
  12 bats
  A giant cockroach (D:2)
  16 goblins
  7 hobgoblins
  17 jackals
  9 kobolds
  3 ball pythons (D:1)
  2 giant newts
  11 rats
96 creatures vanquished.

Vanquished Creatures (others)
  A crimson imp (D:5)
1 creature vanquished.

Grand Total: 97 creatures vanquished

Notes
Turn   | Place    | Note
--------------------------------------------------------------
     0 | D:1      | Leibowitz, the Kobold Fighter, began the quest for the Orb.
     0 | D:1      | Reached XP level 1. HP: 14/14 MP: 0/0
    44 | D:1      | Reached skill level 1 in Stealth
    51 | D:1      | Reached XP level 2. HP: 1/19 MP: 1/1
   475 | D:1      | Reached skill level 1 in Dodging
   475 | D:1      | Reached XP level 3. HP: 10/24 MP: 2/2
  1572 | D:1      | Reached XP level 4. HP: 28/28 MP: 3/3
  2521 | D:3      | Noticed Jessica
  2575 | D:3      | Killed Jessica
  2575 | D:3      | Reached XP level 5. HP: 25/33 MP: 4/4
  2873 | D:4      | Noticed eimernase's ghost (average DsTm)
  2888 | D:5      | Entered Level 5 of the Dungeon
  2906 | D:5      | Noticed an ogre
  2960 | D:5      | Killed an ogre
  2960 | D:5      | Reached skill level 4 in Fighting
  2960 | D:5      | Reached XP level 6. HP: 18/39 MP: 5/5
  3357 | D:5      | Noticed an ogre
  3371 | D:5      | Killed an ogre
  3411 | D:5      | Found a shimmering altar of Xom.
  3443 | D:5      | Reached XP level 7. HP: 35/43 MP: 6/6
  3504 | D:5      | Reached skill level 5 in Dodging
  3783 | D:5      | Paralysed by a crimson imp for 4 turns
  3808 | D:5      | Noticed an ice beast
  3876 | D:5      | Killed an ice beast
  3930 | D:5      | Noticed Duvessa
  3952 | D:5      | Killed Duvessa
  3952 | D:5      | Reached skill level 6 in Dodging
  3953 | D:5      | Noticed Dowan
  3989 | D:5      | Killed from afar by Dowan

Action                   |  1- 3 |  4- 6 |  7- 9 || total
-------------------------+-------+-------+-------++-------
Melee: Short sword       |    43 |   132 |       ||   175
       Dagger            |   123 |   175 |   144 ||   442
 Fire: Blowgun           |       |    17 |       ||    17
Throw: Dagger            |       |     1 |       ||     1
Evoke: Wand              |       |     1 |     9 ||    10
  Use: Potion            |       |     8 |     1 ||     9
       Scroll            |       |     7 |       ||     7
 Stab: Distracted        |     1 |       |       ||     1
       Sleeping          |       |     1 |       ||     1
       Petrifying        |       |       |     1 ||     1
       Paralysed         |       |       |     1 ||     1
